SNL (28 & UNDER)
GAINESVILLE GUIDOS @ KEY WEST BARRACUDAS
07/01/2028
 
TOP OF THE 1ST
Gainesville Guidos batting - Pitching for Key West Barracudas : RHP Lawrence Fish
Pitching: RHP Lawrence Fish
Batting: SHB Cornell Payne 0-0: Called Strike
0-1: DOUBLE (Line Drive, 9LM)
Batting: RHB Doug Coleman 0-0: Ball
1-0: Foul Ball, location: 2F
1-1: Ball
2-1: Ground out 6-3 (Groundball, 56)
Batting: RHB Kyle O'Day 0-0: Fly out, F8 (Flyball, 89S)
Batting: RHB Augusto Baca 0-0: Ball
1-0: Ball
2-0: Ball
3-0: Foul Ball, location: 2F
3-1: Called Strike
3-2: Foul Ball, location: 2F
3-2: Base on Balls
Batting: RHB Denver Baker 0-0: Fielders Choice at 2nd, 6-4 (Groundball, 6)
Top of the 1st over - 0 run(s), 1 hit(s), 0 error(s), 1 left on base; Gainesville 0 - Key West 0
BOTTOM OF THE 1ST
Key West Barracudas batting - Pitching for Gainesville Guidos : RHP Diego Martínez
Pitching: RHP Diego Martínez
Batting: SHB Luis Manuel López 0-0: Ball
1-0: Called Strike
1-1: Ball
2-1: Foul Ball, location: 2F
2-2: Ball
3-2: Foul Ball, location: 2F
3-2: Strikes out swinging
Batting: SHB Héctor Jiménez 0-0: Fly out, F7 (Flyball, 78S)
Batting: RHB Steve Gómez 0-0: Foul Ball, location: 2F
0-1: Ball
1-1: Ball
2-1: Ground out 6-3 (Groundball, 6)
Bottom of the 1st over - 0 run(s), 0 hit(s), 0 error(s), 0 left on base; Gainesville 0 - Key West 0
TOP OF THE 2ND
Gainesville Guidos batting - Pitching for Key West Barracudas : RHP Lawrence Fish
Batting: LHB Pedro Juárez 0-0: Ball
1-0: Foul Ball, location: 2F
1-1: Ground out 5-3 (Groundball, 56)
Batting: LHB Scott Young 0-0: Ball
1-0: Foul Ball, location: 2F
1-1: SINGLE (Groundball, 3L) (infield hit)
Batting: RHB Iván Moreno 0-0: Ball
1-0: Ball
2-0: Fielders Choice at 2nd, 1-4 (Groundball, 15S)
Batting: SHB António Ramírez 0-0: Swinging Strike
0-1: Called Strike
0-2: Foul Ball, location: 2F
0-2: Ball
1-2: Ball
2-2: Fielders Choice at 2nd, 4-6 (Groundball, 34)
Top of the 2nd over - 0 run(s), 1 hit(s), 0 error(s), 0 left on base; Gainesville 0 - Key West 0
BOTTOM OF THE 2ND
Key West Barracudas batting - Pitching for Gainesville Guidos : RHP Diego Martínez
Batting: RHB Anastasio Zartuche 0-0: Called Strike
0-1: Ball
1-1: Ball
2-1: Ball
3-1: Swinging Strike
3-2: SOLO HOME RUN (Flyball, 7D), Distance : 395 ft
Batting: RHB Ramón Díaz 0-0: Ground out 6-3 (Groundball, 6)
Batting: SHB Jacob Knapp 0-0: Ball
1-0: Ball
2-0: Ball
3-0: Base on Balls
Batting: RHB Domingo Hernández 0-0: Ball
1-0: Fly out, F8 (Flyball, 8RS)
Batting: LHB Mauro Díaz 0-0: SINGLE (Flyball, 7LS)
Jacob Knapp to second
Batting: RHB Júlio Cruz 0-0: Called Strike
0-1: Swinging Strike
0-2: Ball
1-2: Fielders Choice at 2nd, 6-4 (Groundball, 6)
Bottom of the 2nd over - 1 run(s), 2 hit(s), 0 error(s), 1 left on base; Gainesville 0 - Key West 1
TOP OF THE 3RD
Gainesville Guidos batting - Pitching for Key West Barracudas : RHP Lawrence Fish
Batting: SHB Cornell Payne 0-0: Called Strike
0-1: Called Strike
0-2: Foul Ball, location: 2F
0-2: Foul Ball, location: 2F
0-2: Ball
1-2: Strikes out looking
Batting: RHB Doug Coleman 0-0: Called Strike
0-1: Ground out 6-3 (Groundball, 6)
Batting: RHB Kyle O'Day 0-0: Foul Ball, location: 2F
0-1: SINGLE (Groundball, 4MD)
Batting: RHB Augusto Baca 0-0: Ball
1-0: Swinging Strike
1-1: Swinging Strike
1-2: Ball
2-2: Ball
Kyle O'Day steals 2nd base
3-2: Foul Ball, location: 2F
3-2: Strikes out swinging
Top of the 3rd over - 0 run(s), 1 hit(s), 0 error(s), 1 left on base; Gainesville 0 - Key West 1
BOTTOM OF THE 3RD
Key West Barracudas batting - Pitching for Gainesville Guidos : RHP Diego Martínez
Batting: SHB Luis Manuel López 0-0: DOUBLE (Flyball, 78D)
Batting: SHB Héctor Jiménez 0-0: Ball
1-0: Ball
2-0: Called Strike
2-1: 2-RUN HOME RUN (Flyball, 8RXD), Distance : 422 ft
Batting: RHB Steve Gómez 0-0: Ball
1-0: Ball
2-0: Called Strike
2-1: Swinging Strike
2-2: Strikes out swinging
Batting: RHB Anastasio Zartuche 0-0: Ball
1-0: Foul Ball, location: 2F
1-1: SINGLE (Groundball, 6MD)
Batting: RHB Ramón Díaz 0-0: Called Strike
0-1: Fly out, F9 (Flyball, 9)
Batting: SHB Jacob Knapp 0-0: Ball
1-0: Ball
2-0: Called Strike
2-1: Foul Ball, location: 2F
2-2: Foul Ball, location: 2F
2-2: Foul Ball, location: 2F
2-2: Foul Ball, location: 2F
2-2: Foul Ball, location: 2F
2-2: Foul Ball, location: 2F
2-2: Fly out, F8 (Flyball, 8RD)
Bottom of the 3rd over - 2 run(s), 3 hit(s), 0 error(s), 1 left on base; Gainesville 0 - Key West 3
TOP OF THE 4TH
Gainesville Guidos batting - Pitching for Key West Barracudas : RHP Lawrence Fish
Batting: RHB Denver Baker 0-0: Ball
1-0: Fly out, F9 (Flyball, 89D)
Batting: LHB Pedro Juárez 0-0: Called Strike
0-1: Foul Ball, location: 2F
0-2: Ball
1-2: Foul Ball, location: 2F
1-2: SINGLE (Groundball, 6D)
Batting: LHB Scott Young 0-0: Ball
1-0: Foul Ball, location: 2F
1-1: SINGLE (Groundball, 4MD)
Pedro Juárez to second
Batting: RHB Iván Moreno 0-0: SINGLE (Groundball, 6MD)
Pedro Juárez to third
Scott Young to second
Batting: SHB António Ramírez 0-0: Ball
1-0: Fielders Choice at 2nd, 3-6 (Groundball, 34)
Pedro Juárez scores
Scott Young to third
Batting: SHB Cornell Payne 0-0: Swinging Strike
0-1: Swinging Strike
0-2: Ball
1-2: Ball
2-2: Foul Ball, location: 2F
2-2: Strikes out swinging
Top of the 4th over - 1 run(s), 3 hit(s), 0 error(s), 2 left on base; Gainesville 1 - Key West 3
BOTTOM OF THE 4TH
Key West Barracudas batting - Pitching for Gainesville Guidos : RHP Diego Martínez
Batting: RHB Domingo Hernández 0-0: SINGLE (Groundball, 56D)
Batting: LHB Mauro Díaz 0-0: Reached on error, E1 (Groundball, 13)
Domingo Hernández to second
Batting: RHB Júlio Cruz 0-0: Ball
1-0: Ball
2-0: Fly out, F4 (Line Drive, 4)
Batting: SHB Luis Manuel López 0-0: Grounds into double play, 4-6-3 (Groundball, 4)
Bottom of the 4th over - 0 run(s), 1 hit(s), 1 error(s), 1 left on base; Gainesville 1 - Key West 3
TOP OF THE 5TH
Gainesville Guidos batting - Pitching for Key West Barracudas : RHP Lawrence Fish
Batting: RHB Doug Coleman 0-0: Swinging Strike
0-1: Ground out 6-3 (Groundball, 6M)
Batting: RHB Kyle O'Day 0-0: Ball
1-0: Ball
2-0: Ball
3-0: Base on Balls
Pitching: RHP Bob Schneider
Batting: RHB Augusto Baca 0-0: Ball
1-0: Ball
2-0: SINGLE (Groundball, 34D)
Kyle O'Day to second
Runner from 2nd tries for 3rd, OUT!
Batting: RHB Denver Baker 0-0: Ball
1-0: Ball
2-0: Ball
3-0: Called Strike
3-1: Foul Ball, location: 2F
3-2: Fly out, F8 (Flyball, 8RD)
Top of the 5th over - 0 run(s), 1 hit(s), 0 error(s), 1 left on base; Gainesville 1 - Key West 3
BOTTOM OF THE 5TH
Key West Barracudas batting - Pitching for Gainesville Guidos : RHP Diego Martínez
Batting: SHB Héctor Jiménez 0-0: Ball
1-0: Ball
2-0: Swinging Strike
2-1: Called Strike
2-2: DOUBLE (Line Drive, 78M)
Batting: RHB Steve Gómez 0-0: Ball
1-0: Foul Ball, location: 2F
1-1: Called Strike
1-2: Strikes out looking
Batting: RHB Anastasio Zartuche 0-0: Called Strike
0-1: Fly out, F9 (Flyball, 9LM)
Batting: RHB Ramón Díaz 0-0: Ball
1-0: Called Strike
1-1: Foul Ball, location: 2F
1-2: Foul Ball, location: 2F
1-2: Foul Ball, location: 2F
1-2: Foul Ball, location: 2F
1-2: Strikes out swinging
Bottom of the 5th over - 0 run(s), 1 hit(s), 0 error(s), 1 left on base; Gainesville 1 - Key West 3
TOP OF THE 6TH
Gainesville Guidos batting - Pitching for Key West Barracudas : RHP Bob Schneider
Batting: LHB Pedro Juárez 0-0: Ball
1-0: Ground out 5-3 (Groundball, 5)
Batting: LHB Scott Young 0-0: Ball
1-0: Foul Ball, location: 2F
1-1: SINGLE (Groundball, 34D)
Batting: RHB Iván Moreno 0-0: Called Strike
0-1: Called Strike
0-2: Ball
1-2: Strikes out swinging
Batting: SHB António Ramírez 0-0: Hit by Pitch
Scott Young to second
Batting: SHB Cornell Payne 0-0: DOUBLE (Line Drive, 7LS)
Scott Young scores
António Ramírez to third
Runner from 3rd tries for Home, SAFE, no throw
Batting: RHB Doug Coleman 0-0: Ball
1-0: Foul Ball, location: 2F
1-1: Swinging Strike
1-2: Ball
Wild Pitch!
Cornell Payne to third
2-2: Ball
3-2: Base on Balls
Batting: RHB Kyle O'Day 0-0: Foul Ball, location: 2F
0-1: Called Strike
0-2: Ball
1-2: Ground out 1-3 (Groundball, P)
Top of the 6th over - 2 run(s), 2 hit(s), 0 error(s), 2 left on base; Gainesville 3 - Key West 3
BOTTOM OF THE 6TH
Key West Barracudas batting - Pitching for Gainesville Guidos : RHP Diego Martínez
Batting: SHB Jacob Knapp 0-0: Called Strike
0-1: Foul Ball, location: 2F
0-2: SINGLE (Flyball, 7S)
Pitching: RHP Juan Mora
Batting: RHB Domingo Hernández 0-0: Ball
1-0: Fly out, F8 (Flyball, 78M)
Batting: LHB Mauro Díaz 0-0: Ball
1-0: SINGLE (Flyball, 4MD)
Jacob Knapp to second
Batting: RHB Júlio Cruz 0-0: Ball
1-0: Ball
2-0: Called Strike
2-1: Ball
3-1: Foul Ball, location: 2F
3-2: Fly out, F4 (Line Drive, 4M)
Batting: SHB Luis Manuel López 0-0: Fielders Choice at 2nd, 4-6 (Groundball, 4)
Bottom of the 6th over - 0 run(s), 2 hit(s), 0 error(s), 1 left on base; Gainesville 3 - Key West 3
TOP OF THE 7TH
Gainesville Guidos batting - Pitching for Key West Barracudas : RHP Bob Schneider
Batting: RHB Augusto Baca 0-0: Ball
1-0: Called Strike
1-1: Ball
2-1: Ball
3-1: Foul Ball, location: 2F
3-2: SINGLE (Groundball, 56S) (infield hit)
Batting: RHB Denver Baker 0-0: Foul Ball, location: 2F
0-1: Fly out, F4 (Popup, 34)
Batting: LHB Pedro Juárez 0-0: Ball
1-0: Ball
2-0: Foul Ball, location: 2F
2-1: Swinging Strike
2-2: Foul Ball, location: 2F
2-2: Ball
3-2: SINGLE (Flyball, 78S)
Augusto Baca to second
Batting: LHB Scott Young 0-0: Foul Ball, location: 2F
0-1: DOUBLE (Groundball, 3L)
Augusto Baca scores
Pedro Juárez to third
Pitching: RHP Gabe Lewis
Pinch Hitting: SHB Kent Phillips 0-0: Intentional Walk
Pinch Hitting: LHB Eddy Jefferson 0-0: Called Strike
0-1: Ball
1-1: Swinging Strike
1-2: Foul Ball, location: 2F
1-2: Ball
2-2: Strikes out swinging
Batting: SHB Cornell Payne 0-0: Swinging Strike
0-1: Foul Ball, location: 2F
0-2: Fly out, F7 (Flyball, 7D)
Top of the 7th over - 1 run(s), 3 hit(s), 0 error(s), 3 left on base; Gainesville 4 - Key West 3
BOTTOM OF THE 7TH
Key West Barracudas batting - Pitching for Gainesville Guidos : RHP Juan Mora
Now at 2B: Will Evans
Now at SS: Eddy Jefferson
Batting: SHB Héctor Jiménez 0-0: Ground out 4-3 (Groundball, 4)
Batting: RHB Steve Gómez 0-0: Ball
1-0: Called Strike
1-1: Fly out, F9 (Flyball, 89M)
Batting: RHB Anastasio Zartuche 0-0: SINGLE (Groundball, 56) (infield hit)
Batting: RHB Ramón Díaz 0-0: Ball
1-0: Ball
2-0: Foul Ball, location: 2F
2-1: Swinging Strike
2-2: Foul Ball, location: 2F
2-2: Ground out 5-3 (Groundball, 56S)
Bottom of the 7th over - 0 run(s), 1 hit(s), 0 error(s), 1 left on base; Gainesville 4 - Key West 3
TOP OF THE 8TH
Gainesville Guidos batting - Pitching for Key West Barracudas : RHP Gabe Lewis
Batting: RHB Doug Coleman 0-0: Called Strike
0-1: Called Strike
0-2: Ball
1-2: Strikes out swinging
Batting: RHB Kyle O'Day 0-0: Fly out, F9 (Flyball, 9)
Batting: RHB Augusto Baca 0-0: Called Strike
0-1: Ball
1-1: Ground out 6-3 (Groundball, 6)
Top of the 8th over - 0 run(s), 0 hit(s), 0 error(s), 0 left on base; Gainesville 4 - Key West 3
BOTTOM OF THE 8TH
Key West Barracudas batting - Pitching for Gainesville Guidos : RHP Juan Mora
Pitching: RHP Víctor Viña
Now in LF: Robbie Turner
Batting: SHB Jacob Knapp 0-0: Called Strike
0-1: Foul Ball, location: 2F
0-2: Ball
1-2: Ground out U3 (Groundball, 3L)
Batting: RHB Domingo Hernández 0-0: Called Strike
0-1: Called Strike
0-2: Fly out, F8 (Flyball, 8LD)
Batting: LHB Mauro Díaz 0-0: Foul Ball, location: 2F
0-1: Foul Ball, location: 2F
0-2: Fly out, F7 (Flyball, 7S)
Bottom of the 8th over - 0 run(s), 0 hit(s), 0 error(s), 0 left on base; Gainesville 4 - Key West 3
TOP OF THE 9TH
Gainesville Guidos batting - Pitching for Key West Barracudas : RHP Gabe Lewis
Batting: RHB Denver Baker 0-0: Foul Ball, location: 2F
0-1: Fly out, F9 (Line Drive, 89M)
Batting: LHB Pedro Juárez 0-0: Ball
1-0: Ball
2-0: Ball
3-0: Called Strike
3-1: Base on Balls
Batting: LHB Scott Young 0-0: Foul Ball, location: 2F
0-1: Foul Ball, location: 2F
0-2: Ground out U3 (Groundball, 23)
Pedro Juárez to second
Pinch Hitting: RHB Dave Hall 0-0: Swinging Strike
0-1: Ball
1-1: Ball
2-1: Ball
3-1: Called Strike
3-2: Base on Balls
Batting: LHB Eddy Jefferson 0-0: Called Strike
0-1: SINGLE (Groundball, 56S) (infield hit)
Pedro Juárez to third
Dave Hall to second
Batting: SHB Cornell Payne 0-0: Ball
1-0: Foul Ball, location: 2F
1-1: Ball
2-1: Fly out, F4 (Popup, 4)
Top of the 9th over - 0 run(s), 1 hit(s), 0 error(s), 3 left on base; Gainesville 4 - Key West 3
BOTTOM OF THE 9TH
Key West Barracudas batting - Pitching for Gainesville Guidos : RHP Víctor Viña
Pitching: RHP Mario Tovar
Now at 2B: Dave Hall
Pinch Hitting: LHB Daniel Byrd 0-0: Ball
1-0: Foul Ball, location: 2F
1-1: Foul Ball, location: 2F
1-2: SOLO HOME RUN (Flyball, 89XD), Distance : 417 ft
Pinch Hitting: LHB Juan Acotia 0-0: Ground out 1-3 (Groundball, P)
Batting: SHB Héctor Jiménez 0-0: Ball
1-0: Foul Ball, location: 2F
1-1: Ball
2-1: Ground out 4-3 (Groundball, 34)
Batting: RHB Steve Gómez 0-0: Swinging Strike
0-1: Ball
1-1: Foul Ball, location: 2F
1-2: Strikes out swinging, 2-3 out at first.
Bottom of the 9th over - 1 run(s), 1 hit(s), 0 error(s), 0 left on base; Gainesville 4 - Key West 4
TOP OF THE 10TH
Gainesville Guidos batting - Pitching for Key West Barracudas : RHP Gabe Lewis
Pitching: RHP Gerald Núñez
Now at SS: Richard Sanders
Now in RF: Juan Acotia
Batting: RHB Doug Coleman 0-0: Fly out, F9 (Flyball, 9LMF)
Batting: LHB Robbie Turner 0-0: Called Strike
0-1: Swinging Strike
0-2: Ball
1-2: Ball
2-2: Ball
3-2: Foul Ball, location: 2F
3-2: Strikes out swinging
Batting: RHB Augusto Baca 0-0: Called Strike
0-1: Ball
1-1: Foul Ball, location: 2F
1-2: Foul Ball, location: 2F
1-2: Foul Ball, location: 2F
1-2: Ball
2-2: Foul Ball, location: 2F
2-2: SINGLE (Line Drive, 9S)
Pinch Runner at 1st Mark McDonald:
Batting: RHB Denver Baker 0-0: Ball
1-0: Ball
2-0: Foul Ball, location: 2F
2-1: Foul Ball, location: 2F
2-2: Foul Ball, location: 2F
2-2: Fielders Choice at 2nd, 6-4 (Groundball, 6)
Top of the 10th over - 0 run(s), 1 hit(s), 0 error(s), 0 left on base; Gainesville 4 - Key West 4
BOTTOM OF THE 10TH
Key West Barracudas batting - Pitching for Gainesville Guidos : RHP Mario Tovar
Now at 1B: Mark McDonald
Batting: RHB Anastasio Zartuche 0-0: Fly out, F9 (Flyball, 9S)
Batting: RHB Ramón Díaz 0-0: Ball
1-0: Called Strike
1-1: Foul Ball, location: 2F
1-2: Ground out 6-3 (Groundball, 6D)
Batting: SHB Jacob Knapp 0-0: Called Strike
0-1: Called Strike
0-2: Ball
1-2: Ball
2-2: Ball
3-2: Base on Balls
Batting: RHB Domingo Hernández 0-0: Foul Ball, location: 2F
0-1: Fielders Choice at 2nd, 6-4 (Groundball, 6)
Bottom of the 10th over - 0 run(s), 0 hit(s), 0 error(s), 0 left on base; Gainesville 4 - Key West 4
TOP OF THE 11TH
Gainesville Guidos batting - Pitching for Key West Barracudas : RHP Gerald Núñez
Batting: LHB Pedro Juárez 0-0: Called Strike
0-1: Swinging Strike
0-2: Ball
1-2: Ball
2-2: Strikes out swinging
Batting: LHB Scott Young 0-0: Ball
1-0: Swinging Strike
1-1: Ground out U3 (Groundball, 3S)
Batting: RHB Dave Hall 0-0: Ball
1-0: Fly out, F8 (Flyball, 8RM)
Top of the 11th over - 0 run(s), 0 hit(s), 0 error(s), 0 left on base; Gainesville 4 - Key West 4
BOTTOM OF THE 11TH
Key West Barracudas batting - Pitching for Gainesville Guidos : RHP Mario Tovar
Pitching: RHP Marlon Ryan
Batting: LHB Mauro Díaz 0-0: Called Strike
0-1: Ball
1-1: Called Strike
1-2: Ball
2-2: Strikes out swinging
Pinch Hitting: RHB Gary Duffy 0-0: Called Strike
0-1: Foul Ball, location: 2F
0-2: Ball
1-2: SINGLE (Line Drive, 78S)
Batting: LHB Juan Acotia 0-0: Ball
1-0: Called Strike
1-1: Foul Ball, location: 2F
1-2: Strikes out swinging
Batting: SHB Héctor Jiménez 0-0: Called Strike
0-1: Swinging Strike
0-2: Strikes out swinging
Bottom of the 11th over - 0 run(s), 1 hit(s), 0 error(s), 1 left on base; Gainesville 4 - Key West 4
TOP OF THE 12TH
Gainesville Guidos batting - Pitching for Key West Barracudas : RHP Gerald Núñez
Pitching: RHP Sean Flynn
Now at SS: Ricardo Ontiveros
Batting: LHB Eddy Jefferson 0-0: Ball
1-0: Ground out U3 (Groundball, 3)
Batting: SHB Cornell Payne 0-0: Ball
1-0: Called Strike
1-1: Ball
2-1: Ball
3-1: Base on Balls
Batting: RHB Doug Coleman 0-0: Ball
1-0: Ball
2-0: Fly out, F8 (Flyball, 8RS)
Batting: LHB Robbie Turner 0-0: Ball
1-0: Ball
2-0: Swinging Strike
2-1: SINGLE (Groundball, 34) (infield hit)
Cornell Payne to second
Pinch Hitting: LHB Tomás Téllez 0-0: Ball
1-0: Foul Ball, location: 2F
1-1: Foul Ball, location: 2F
1-2: Ground out U3 (Groundball, 3L)
Top of the 12th over - 0 run(s), 1 hit(s), 0 error(s), 2 left on base; Gainesville 4 - Key West 4
BOTTOM OF THE 12TH
Key West Barracudas batting - Pitching for Gainesville Guidos : RHP Marlon Ryan
Now at 1B: Tomás Téllez
Batting: RHB Steve Gómez 0-0: Ball
1-0: Ball
2-0: Called Strike
2-1: Ball
3-1: Base on Balls
Pinch Runner at 1st José Martínez:
Batting: RHB Anastasio Zartuche 0-0: Ball
1-0: SINGLE (Flyball, 7S)
José Martínez to second
Batting: RHB Ramón Díaz 0-0: Called Strike
0-1: Ball
1-1: Foul Ball, location: 2F
1-2: Ball
2-2: Foul Ball, location: 2F
2-2: Strikes out looking
Batting: SHB Jacob Knapp 0-0: Ball
José Martínez steals 3rd base
Anastasio Zartuche to second
1-0: Intentional Walk
Batting: RHB Domingo Hernández 0-0: Called Strike
0-1: Swinging Strike
0-2: Ball
1-2: Fly out, F7 (Line Drive, 7S)
Batting: LHB Mauro Díaz 0-0: Ball
1-0: Foul Ball, location: 2F
1-1: Swinging Strike
1-2: Ball
2-2: SINGLE (Groundball, 34D)
José Martínez scores
Tuesday, August 8th, 2017 - OOTP Baseball 17.12 Build 75